 Dungeon Crawl Stone Soup version 0.28-a0-124-g73ec313a74 (webtiles) character file.

Game seed: 1624083588556926041

16110 voltaire321 the Cleaver (level 12, -2/162 HPs)
             Began as a Minotaur Gladiator on Aug 14, 2021.
             Was a High Priest of the Shining One.
             Slain by a minotaur (17 damage)
             ... in a Gauntlet.
             The game lasted 00:32:15 (11879 turns).

voltaire321 the Cleaver (Minotaur Gladiator)       Turns: 11879, Time: 00:32:16

Health: -2/162     AC: 30    Str: 25    XL:     12   Next: 7%
Magic:  14/14      EV:  2    Int:  7    God:    the Shining One [*****.]
Gold:   537        SH:  0    Dex: 11    Spells: 11/11 levels left

rFire   . . .      SeeInvis .   E - +7 battleaxe "Xezy" {flame, Int+2}
rCold   . . .      Faith    .   (shield currently unavailable)
rNeg    + + +      Spirit   .   (armour currently unavailable)
rPois   +          Reflect  .   (helmet currently unavailable)
rElec   .          Harm     .   (cloak currently unavailable)
rCorr   .          Rampage  .   (gloves currently unavailable)
Will    .....      NoTele   +   (boots currently unavailable)
Stlth   +.........              N - amulet of the acrobat
HPRegen 0.37/turn               k - +4 ring of protection
MPRegen 0.14/turn               M - +4 ring of evasion

@: tree-form, glowing
A: stationary, stasis, torment immunity, boosted hp, (horns 2), (retaliatory
headbutt)
a: Renounce Religion, Divine Shield, Cleansing Flame, Summon Divine Warrior


You were in a Gauntlet.
You worshipped the Shining One.
The Shining One was extremely pleased with you.
You were a tree.
You visited 2 branches of the dungeon, and saw 12 of its levels.
You also visited: Ossuary and Gauntlet.

You collected 663 gold pieces.
You spent 126 gold pieces at shops.

Inventory:

Hand Weapons
 a - a +1 war axe
 j - a +1 war axe of freezing
 E - the +7 battleaxe "Xezy" (weapon) {flame, Int+2}
   (You acquired it on level 9 of the Dungeon)

   It burns those it strikes, dealing additional fire damage.
   Big, fiery blades are also staple armaments of hydra-hunters.
   Int:       It affects your intelligence (+2).
Missiles
 d - 3 throwing nets
 l - 22 poisoned darts
 t - 7 boomerangs (quivered)
 K - 7 javelins
Armour
 c - a +0 hat
 o - a +2 chain mail of poison resistance (melded)
 y - a +0 cloak (melded)
 A - a +0 pair of gloves (melded)
 B - a +0 pair of boots (melded)
 J - a +2 chain mail of cold resistance
 O - a +2 hat of willpower (melded)
Jewellery
 h - the ring of the Howling Hero {rN+ Int+6 Slay+3}
   (You found it in a Gauntlet)

   [ring of intelligence]

   Int:       It affects your intelligence (+6).
   Slay:      It affects your accuracy & damage with ranged weapons and melee
   (+3).
   rN:        It protects you from negative energy.
 k - a +4 ring of protection (left branch)
 F - a ring of protection from cold
 M - a +4 ring of evasion (right branch)
 N - an amulet of the acrobat (around neck)
 Q - a +6 ring of intelligence
Wands
 u - a wand of digging (8)
 z - a wand of paralysis (18)
 L - a wand of iceblast (8)
Scrolls
 e - 3 scrolls of teleportation
 f - a scroll of amnesia
 g - a scroll of holy word
 q - 3 scrolls of blinking
 s - 2 scrolls of enchant weapon
 x - a scroll of summoning
 H - 2 scrolls of torment
Potions
 b - 3 potions of curing
 i - 4 potions of lignification
 m - 3 potions of invisibility {unknown}
 n - 6 potions of brilliance
 p - 2 potions of ambrosia {unknown}
 r - 3 potions of magic
 w - 5 potions of haste
 C - a potion of cancellation {unknown}
 D - 3 potions of flight
 G - a potion of mutation {unknown}
 I - a potion of resistance {unknown}
 P - 2 potions of might {unknown}


   Skills:
 + Level 10.9 Fighting
 + Level 11.1 Axes
 + Level 9.2 Throwing
 + Level 10.6 Armour
 + Level 10.3 Dodging
 + Level 4.4 Invocations


You had 11 spell levels left.
You didn't know any spells.
Your spell library contained the following spells:

 Spells                   Type           Power      Damage    Failure   Level
 Foxfire                  Conj/Fire      0%         2x1d4     43%         1
 Pain                     Necr           0%         1d4       43%         1
 Shock                    Conj/Air       0%         1d3       43%         1
 Conjure Flame            Conj/Fire      0%         6-21      80%         3
 Dazzling Flash           Conj/Hex       0%         N/A       80%         3
 Inner Flame              Hex/Fire       0%         N/A       80%         3
 Summon Guardian Golem    Hex/Summ       0%         N/A       80%         3
 Swiftness                Air            0%         N/A       80%         3
 Airstrike                Air            0%         N/A       99%         4
 Animate Dead             Necr           0%         N/A       99%         4
 Agony                    Necr           0%         N/A       100%        5
 Borgnjor's Vile Clutch   Necr/Erth      0%         N/A       100%        5
 Excruciating Wounds      Necr           0%         N/A       100%        5
 Silence                  Hex/Air        0%         N/A       100%        5
 Summon Forest            Summ/Tloc      0%         N/A       100%        5
 Summon Mana Viper        Hex/Summ       0%         N/A       100%        5
 Death Channel            Necr           0%         N/A       100%        6
 Shadow Creatures         Summ           N/A        N/A       100%        6
 Orb of Destruction       Conj           0%         N/A       100%        7
 Spellforged Servitor     Conj/Summ      0%         N/A       100%        7


Dungeon Overview and Level Annotations

Branches:
Dungeon (11/15)            Temple (1/1) D:7            Lair (0/6) D:11
    Orc (0/2) D:9         Ossuary (visited)         Gauntlet (1/1)

Altars:
Ashenzari
Cheibriados
Dithmenos
Elyvilon
Fedhas
Gozag
Hepliaklqana
Kikubaaqudgha
Makhleb
Nemelex Xobeh
Okawaru
Qazlal
Ru
Sif Muna
Trog
Uskayaw
Vehumet
Wu Jian
Xom
Yredelemnul
Zin
The Shining One

Shops:
D:7 ?   D:8 ?

Annotations:
D:4 3 runed translucent doors, Sweetruy1997's ghost, novice TrFi Gauntlet 8 transporters, 21 runed translucent doors


Innate Abilities, Weirdness & Mutations

You are a tree.
Your roots penetrate the ground, keeping you stationary.
You cannot be teleported.
You are immune to unholy pain and torment.
Your maximum health is greatly increased.
Your equipment is partially melded.
((You have a pair of horns on your head.))
((You reflexively headbutt those who attack you in melee.))


Message History

You headbutt the minotaur, but do no damage.
The minotaur gores you but does no damage.
You slash the minotaur! You burn the minotaur.
The minotaur is lightly wounded.
The minotaur misses you.
The minotaur gores you but does no damage.
You hit the minotaur. You burn the minotaur.
You headbutt the minotaur, but do no damage.
The minotaur is lightly wounded.
The minotaur misses you.
The minotaur gores you but does no damage.
You hit the minotaur. You burn the minotaur.
The minotaur is lightly wounded.
The minotaur hits you with a +5 flail of protection!
The minotaur gores you!
The minotaur hits you with a +5 flail of protection!
* * * LOW HITPOINT WARNING * * *
The minotaur gores you.
* * * LOW HITPOINT WARNING * * *
Okay, then.
As you read the scroll of fear, it crumbles to dust.
You assume a fearsome visage.
The minotaur resists with some effort.
The minotaur barely misses you. You furiously retaliate!
You headbutt the minotaur, but do no damage.
The minotaur gores you but does no damage.
Really quaff the potion of lignification?
You turn into a tree.
Your +0 cloak melds into your body.
Your +2 hat of willpower melds into your body.
Your +0 pair of gloves melds into your body.
Your +0 pair of boots melds into your body.
Your +2 chain mail of poison resistance melds into your body.
You feel less strong-willed.
You no longer feel resistant to poison.
Your roots penetrate the ground.
The minotaur hits you with a +5 flail of protection!!
* * * LOW HITPOINT WARNING * * *
The minotaur gores you but does no damage.
You hit the minotaur. You burn the minotaur.
The minotaur is moderately wounded.
The minotaur hits you with a +5 flail of protection!
You die...

#≈8≈#..#. #...#..#§
#.8.#..#. #...#..#)
#.8.#..#. ##########
#...#..## #........#
#...#..##
#.######.####.©.#§...
#.#.♣H∩#.#......#∩...
#.#.####.#.##.©.#≈...
#.#......#.##...#..##
#.########.##...#..#G
#..........##.8.#..#G
#############...#..#.
#.8.#..#$ #...#..#©
#≈8≈#..#.


You could see a minotaur.

Vanquished Creatures
  A hell hog (Gauntlet)
  3 death yaks (Gauntlet)
  2 two-headed ogres
  A necromancer (Gauntlet)
  An ugly thing (D:8)
  A manticore (D:6)
  4 gargoyles (D:8)
  3 trolls
  Prince Ribbit (D:5)
  A slime creature (D:6)
  A meliai zombie (D:10)
  A wraith (D:9)
  A shadow (D:9)
  6 yaks (D:9)
  A wyvern (D:9)
  4 fire bats (Gauntlet)
  A steam dragon (D:9)
  2 hell hounds (Gauntlet)
  2 acid dragons (D:9)
  2 water moccasins (D:6)
  A black bear (D:6)
  2 orc warriors
  2 ice beasts
  2 ogres
  2 centaurs
  2 kobold brigands
  A phantom (D:3)
  2 elf zombies (Ossuary)
  A bullfrog (D:7)
  3 scorpions
  A wyvern zombie (D:8)
  A troll zombie (D:9)
  4 killer bees (D:10)
  8 wights
  A vampire bat (D:10)
  9 howler monkeys
  3 centaur zombies
  2 hounds
  A jelly (D:6)
  A bullfrog zombie (D:5)
  2 human zombies (Ossuary)
  2 bullfrog skeletons (D:6)
  6 orc priests
  Crazy Yiuf (D:5)
  Jessica (D:3)
  Terence (D:3)
  An iguana (D:5)
  5 orc wizards
  7 ogre zombies (D:9)
  2 hound zombies
  A hound skeleton (D:4)
  4 mummies (Ossuary)
  2 howler monkey zombies
  3 gnolls (D:3)
  9 adders
  A shadow imp (D:6)
  2 white imps
  2 ufetubi (D:6)
  3 adder zombies (Ossuary)
  2 worms
  A dart slug (D:5)
  24 orcs
  2 ball pythons (D:1)
  10 bats
  3 endoplasms
  4 giant cockroaches
  7 goblins
  6 hobgoblins
  2 quokkas
  4 frilled lizards
  A goblin skeleton (D:9)
  3 goblin zombies
  4 hobgoblin skeletons (D:9)
  A hobgoblin zombie (Ossuary)
  15 kobolds
  4 orc skeletons (D:9)
  16 orc zombies
  4 rats
  A toadstool (D:6)
257 creatures vanquished.

Vanquished Creatures (others)
  A butterfly (D:7)
  3 fungi (D:6)
  4 toadstools (D:6)
8 creatures vanquished.

Grand Total: 265 creatures vanquished

Notes
Turn   | Place    | Note
-------+----------+-------------------------------------------
     0 | D:1      | voltaire321 the Minotaur Gladiator began the quest for the
                  | Orb.
     0 | D:1      | Reached XP level 1. HP: 18/18 MP: 0/0
   419 | D:1      | Reached XP level 2. HP: 25/25 MP: 1/1
   676 | D:1      | Found a faded altar of an unknown god.
   678 | D:1      | Reached skill level 1 in Armour
  1079 | D:2      | Reached XP level 3. HP: 30/30 MP: 2/2
  1091 | D:2      | Reached skill level 4 in Axes
  1171 | D:2      | Reached XP level 4. HP: 33/38 MP: 3/3
  1733 | D:3      | Noticed Terence
  1742 | D:3      | Killed Terence
  1854 | D:3      | Reached XP level 5. HP: 45/45 MP: 4/4
  1907 | D:3      | Noticed a phantom
  1921 | D:3      | Killed a phantom
  2171 | D:3      | Noticed Jessica
  2181 | D:3      | Killed Jessica
  2182 | D:3      | Reached XP level 6. HP: 40/52 MP: 5/5
  2309 | D:3      | Found a snail-covered altar of Cheibriados.
  2783 | D:4      | Found a runed translucent gate.
  2784 | D:4      | Found a runed translucent gate.
  2785 | D:4      | Found a runed translucent gate.
  2787 | D:4      | Noticed Sweetruy1997's ghost (novice TrFi)
  3294 | D:4      | Reached skill level 5 in Axes
  3700 | D:5      | Entered Level 5 of the Dungeon
  4113 | D:5      | Reached XP level 7. HP: 56/60 MP: 6/6
  4343 | D:5      | Reached skill level 5 in Dodging
  4394 | D:5      | Found a runed translucent door.
  4395 | D:5      | Noticed Crazy Yiuf
  4432 | D:5      | Noticed Prince Ribbit
  4504 | D:5      | Killed Prince Ribbit
  4505 | D:5      | Reached skill level 5 in Fighting
  4907 | D:5      | Killed Crazy Yiuf
  4917 | D:5      | Identified the +6 mace "Dyvedi" {pain, Dex+5}
  5147 | D:6      | Reached skill level 6 in Axes
  5237 | D:6      | Reached XP level 8. HP: 66/69 MP: 7/7
  5328 | D:6      | Reached skill level 5 in Armour
  6019 | D:6      | Reached skill level 5 in Throwing
  6034 | D:6      | Noticed a slime creature
  6034 | D:6      | Noticed a manticore
  6044 | D:6      | Killed a manticore
  6045 | D:6      | Reached skill level 7 in Axes
  6047 | D:6      | Killed a slime creature
  6048 | D:6      | Reached XP level 9. HP: 25/78 MP: 8/8
  6585 | D:7      | Found a sand-covered staircase.
  6590 | Ossuary  | Entered an ossuary
  6932 | D:7      | Reached skill level 9 in Axes
  6932 | D:7      | Reached XP level 10. HP: 91/91 MP: 9/9
  7031 | D:7      | Found an iron altar of Okawaru.
  7140 | D:7      | Found a sparkling altar of Nemelex Xobeh.
  7142 | D:7      | Found Dyovic's Magic Scroll Shoppe.
  7150 | D:7      | Bought a scroll of teleportation for 36 gold pieces
  7150 | D:7      | Bought a scroll of identify for 24 gold pieces
  7150 | D:7      | Bought a scroll of identify for 24 gold pieces
  7150 | D:7      | Bought a scroll of fear for 42 gold pieces
  7354 | D:7      | Found a staircase to the Ecumenical Temple.
  7377 | Temple   | Entered the Ecumenical Temple
  7386 | Temple   | Became a worshipper of the Shining One
  7516 | D:7      | Found a white marble altar of Elyvilon.
  7759 | D:8      | Noticed a cyan ugly thing
  7762 | D:8      | Found Faobinar's Magic Scroll Shop.
  7773 | D:8      | Killed a cyan ugly thing
  7816 | D:8      | Reached skill level 1 in Invocations
  7870 | D:8      | Noticed a gargoyle
  8003 | D:8      | Killed a gargoyle
  8143 | D:8      | Reached skill level 10 in Axes
  8253 | D:8      | Noticed a gargoyle
  8263 | D:8      | Killed a gargoyle
  8303 | D:8      | Noticed a gargoyle
  8318 | D:8      | Killed a gargoyle
  8639 | D:8      | Noticed a gargoyle
  8648 | D:8      | Killed a gargoyle
  9064 | D:9      | Identified the +6 dagger of Xiynweo {vamp, Contam rElec
                  | rCorr Stlth+}
  9076 | D:9      | Reached * piety under the Shining One
  9082 | D:9      | Reached XP level 11. HP: 62/94 MP: 11/11
  9090 | D:9      | Reached skill level 10 in Fighting
  9297 | D:9      | Found a staircase to the Orcish Mines.
  9300 | D:9      | Reached ** piety under the Shining One
  9322 | D:9      | Reached *** piety under the Shining One
  9773 | D:9      | Identified a scroll of acquirement
  9773 | D:9      | Acquired the +7 battleaxe "Xezy" {flame, Int+2}
 10236 | D:10     | Entered Level 10 of the Dungeon
 10244 | D:10     | Reached **** piety under the Shining One
 10301 | D:10     | Noticed a two-headed ogre
 10305 | D:10     | Killed a two-headed ogre
 10360 | D:10     | Reached skill level 10 in Armour
 11020 | D:11     | Noticed a two-headed ogre
 11027 | D:11     | Killed a two-headed ogre
 11028 | D:11     | Reached skill level 10 in Dodging
 11044 | D:11     | Found a gate leading to a gauntlet.
 11167 | Gauntlet | Entered a Gauntlet
 11167 | Gauntlet | Found a transporter.
 11167 | Gauntlet | Found a transporter.
 11167 | Gauntlet | Found a transporter.
 11167 | Gauntlet | Noticed a death yak
 11167 | Gauntlet | Noticed a death yak
 11167 | Gauntlet | Noticed a death yak
 11168 | Gauntlet | Noticed a necromancer
 11314 | Gauntlet | Found a transporter.
 11319 | Gauntlet | Found a large runed translucent door.
 11320 | Gauntlet | Found a large runed translucent door.
 11321 | Gauntlet | Found a large runed translucent door.
 11321 | Gauntlet | Found a large runed translucent door.
 11321 | Gauntlet | Found a runed translucent door.
 11321 | Gauntlet | Found a runed translucent door.
 11322 | Gauntlet | Found a large runed translucent door.
 11322 | Gauntlet | Found a large runed translucent door.
 11322 | Gauntlet | Found a large runed translucent door.
 11322 | Gauntlet | Found a large runed translucent door.
 11323 | Gauntlet | Found a large runed translucent door.
 11324 | Gauntlet | Found a large runed translucent door.
 11328 | Gauntlet | Found a transporter.
 11335 | Gauntlet | Found a transporter.
 11338 | Gauntlet | Reached ***** piety under the Shining One
 11338 | Gauntlet | Noticed a wizard
 11340 | Gauntlet | Found a transporter.
 11341 | Gauntlet | Found a large runed translucent door.
 11341 | Gauntlet | Found a large runed translucent door.
 11341 | Gauntlet | Found a large runed translucent door.
 11342 | Gauntlet | Found a runed translucent gate.
 11343 | Gauntlet | Found a runed translucent gate.
 11345 | Gauntlet | Found a large runed translucent door.
 11346 | Gauntlet | Found a large runed translucent door.
 11347 | Gauntlet | Found a large runed translucent door.
 11356 | Gauntlet | Found a runed translucent gate.
 11357 | Gauntlet | Found a transporter.
 11358 | Gauntlet | Found a transporter.
 11358 | Gauntlet | Noticed a hell hog
 11375 | Gauntlet | Found a transporter.
 11389 | Gauntlet | Found a transporter.
 11417 | Gauntlet | Found a transporter.
 11550 | Gauntlet | Killed a death yak
 11554 | Gauntlet | Killed a death yak
 11561 | Gauntlet | Killed a death yak
 11562 | Gauntlet | Reached skill level 11 in Axes
 11564 | Gauntlet | Killed a necromancer
 11573 | Gauntlet | Identified the ring of the Howling Hero {rN+ Int+6 Slay+3}
 11698 | Gauntlet | Reached XP level 12. HP: 65/108 MP: 14/14
 11703 | Gauntlet | Killed a hell hog
 11871 | Gauntlet | Noticed a minotaur
 11879 | Gauntlet | Slain by a minotaur

Illustrated notes

Levels and vault maps discovered:
D:1:      wander_arrival_estate, layout_basic,
          hellmonk_ecumenical_altar_heavens_door
D:2:      layout_basic, hangedman_decor_clover_reticule
D:3:      layout_basic, general_overflow_altar, uniq_terence, uniq_jessica
D:4:      layout_layer_cave, ebering_ghost_rock_garden
D:5:      layout_basic, grunt_ministairs_3, minmay_crystal_water,
          serial_park_tiny_1, kennysheep_boxes, uniq_prince_ribbit1,
          uniq_crazy_yiuf_cottage
D:6:      minmay_evil_eye, layout_loops_ring, minmay_gold_behind_fungi,
          minmay_three_doors
D:7:      layout_cave_pools, kennysheep_okawaru_gauntlet,
          nicolae_elyvilon_peaceful_grove, mainiacjoe_overflow_paths,
          minmay_temple_entry_offerings, serial_shops, nicolae_square_shop,
          nicolae_ossuary_entry_plus, kennysheep_dice
D:8:      cheibrodos_statue_roulette, layout_rooms, serial_curves,
          eino_curves_01, eino_curves_01, eino_curves_03, serial_shops, shop,
          dk_noncrumbling_2
D:9:      layout_cave_pools, zombieorc2_lemuel
D:10:     layout_roguey, roderic_batcave
D:11:     layout_basic, minmay_lair_entry_grove, gauntlet_entry_generic
Temple:   nicolae_temple_no_exploring_needed
Gauntlet: gammafunk_gauntlet_shortcut [nicolae_gauntlet_swirl,
          nicolae_gauntlet_arena_x, nicolae_gauntlet_arena_t_cross,
          gammafunk_gauntlet_arena_spirals, nicolae_gauntlet_arena_grate_2,
          minmay_gauntlet_arena_make_your_own_arena, gauntlet_exit_spiral]

Skill      XL: |  1  2  3  4  5  6  7  8  9 10 11 |
---------------+----------------------------------+-----
Armour         | 1 2 3 4 6 8 9 10 | 10.6
Axes           | 4 5 6 7 9 10 11 | 11.1
Fighting       | 3 4 5 6 9 10 | 10.9
Dodging        | 4 5 6 9 10 | 10.3
Throwing       | 3 4 5 7 8 9 |  9.2
Invocations    | 2 4 |  4.4

Action                   |  1- 3 |  4- 6 |  7- 9 | 10-12 || total
-------------------------+-------+-------+-------+-------++-------
Melee: War axe           |    45 |   114 |   124 |   196 ||   479
       Headbutt          |     6 |    19 |    38 |    70 ||   133
       Battleaxe         |       |       |       |    82 ||    82
Throw: Dart              |       |     2 |    22 |       ||    24
       Boomerang         |       |       |       |    26 ||    26
  Use: Scroll            |       |     5 |    11 |     8 ||    24
       Potion            |       |     1 |     1 |     4 ||     6
 Stab: Sleeping          |     1 |       |       |       ||     1
Armor: Leather armour    |     4 |       |       |       ||     4
       Ring mail         |     7 |    11 |       |       ||    18
       Chain mail        |       |    70 |    81 |   150 ||   301
       Skin              |       |       |       |     1 ||     1
Dodge: Dodged            |    27 |    60 |    79 |   191 ||   357

Table legend: (Time is in decaauts)
 A = Elapsed time spent in this place.
 B = Non-inter-level travel time spent in this place.
 C = Inter-level travel time spent in this place.
 D = Time resting spent in this place.
 E = Time spent auto-exploring this place.
 F = Levels seen in this place.
 G = Mean time per level.
                   A        B        C        D        E       F      G
               +--------+--------+--------+--------+--------+-----+--------+
         Total |  11929 |  11629 |    300 |   2470 |   6910 |  14 |  852.1 |
       Dungeon |  10878 |  10578 |    300 |   2022 |   6827 |  11 |  988.9 |
        Temple |     16 |     16 |      0 |      0 |      0 |   1 |   16.0 |
       Ossuary |    338 |    338 |      0 |    120 |     83 |   1 |  338.0 |
      Gauntlet |    695 |    695 |      0 |    328 |      0 |   1 |  695.0 |
               +--------+--------+--------+--------+--------+-----+--------+

Top non-repeatable levels by time:
     D:6: 1456 daAuts
     D:5: 1429 daAuts
     D:8: 1226 daAuts
     D:9: 1123 daAuts
     D:4: 1085 daAuts
     D:1: 1059 daAuts
     D:3: 1026 daAuts
     D:7: 967 daAuts
    D:10: 784 daAuts
Gauntlet: 695 daAuts
     D:2: 567 daAuts
 Ossuary: 338 daAuts
    D:11: 152 daAuts
  Temple: 16 daAuts
